 Dungeon Sprint DCSS version 0.21-a0-274-gc1afaeb (webtiles) character file.

1625 potatolord6000 the Cleaver (level 8, 0/83 HPs)
             Began as a Hill Orc Monk on Sept 19, 2017.
             Was a High Priest of Beogh.
             Engulfed by a steam dragon's steam (1 damage)
             ... in the Dungeon (Sprint VII: "The Pits").
             The game lasted 00:03:24 (1185 turns).

potatolord6000 the Cleaver (Hill Orc Monk)          Turns: 1185, Time: 00:03:25

Health: 0/83       AC: 14    Str: 16    XL:     8   Next: 97%
Magic:  14/17      EV:  8    Int: 10    God:    Beogh [*****.]
Gold:   0          SH:  0    Dex: 13    Spells: 7/7 levels left

rFire    . . .     SeeInvis .   j - +2 hand axe
rCold    . . .     Gourm    .   (no shield)
rNeg     . . .     Faith    .   d - +3 chain mail
rPois    .         Spirit   .   (no helmet)
rElec    .         Reflect  .   (no cloak)
rCorr    .         Harm     .   (no gloves)
MR       .....     NoTele   +   (no boots)
Stlth    ..........             (no amulet)
HPRegen  0.23/turn              (no ring)
MPRegen  0.15/turn              (no ring)

@: no status effects
A: walk on water
a: Smiting, Recall Orcish Followers, Give Item to Named Follower, Renounce
Religion


You were in the Dungeon.
You worshipped Beogh.
Beogh was extremely pleased with you.
You were full.

You visited 1 branch

Inventory:

Hand Weapons
 j - a +2 hand axe (weapon)
Armour
 d - a +3 chain mail (worn)
Wands
 f - a wand of flame (9/48)
Scrolls
 i - a scroll of blinking
 k - 3 scrolls of remove curse
 l - 5 scrolls of amnesia
 m - a scroll of summoning
Potions
 a - 2 potions of invisibility
 b - 5 potions of curing
 e - 6 potions of heal wounds
 g - 4 potions of magic
 h - 3 potions of berserk rage
Comestibles
 c - 8 bread rations
 n - 40 fruits
 o - 6 meat rations


   Skills:
 + Level 12.0 Fighting
 + Level 12.9 Axes
 + Level 10.6 Armour
 - Level 2.4 Dodging
 - Level 1.5 Stealth
 + Level 12.3 Invocations


You had 7 spell levels left.
You didn't know any spells.

Dungeon Overview and Level Annotations

Branches:
Dungeon (1/1)

Altars:
Ashenzari
Cheibriados
Dithmenos
Elyvilon
Fedhas
Gozag
Hepliaklqana
Kikubaaqudgha
Makhleb
Nemelex Xobeh
Okawaru
Qazlal
Ru
Sif Muna
Trog
Uskayaw
Vehumet
Wu Jian
Xom
Yredelemnul
Zin
The Shining One
Beogh
Jiyva
Lugonu


Message History

You slash the steam dragon!
The steam dragon is almost dead.
The steam dragon barely misses you. x2
Unknown command.
You closely miss the steam dragon.
The steam dragon is almost dead.
You hit the steam dragon but do no damage.
The steam dragon is almost dead.
The steam dragon bites you!
* * * LOW HITPOINT WARNING * * *
The steam dragon completely misses you.
You hit the steam dragon but do no damage.
The steam dragon is almost dead.
The steam dragon breathes steam at you. The ball of steam hits you!
* * * LOW HITPOINT WARNING * * *
You barely miss the steam dragon.
The steam dragon is almost dead.
You are engulfed in a cloud of scalding steam.
You die...

#.#..########...<...#
#.#..'[))).##.......#
#)#..#[))).##.......#
#'###########.......#
#..#.#.##..##########
#.......#)######
##.#.#.##†#....#
#.......#'#)...#
##.#.#.##§@D†..+
#.......#)#....#
##.#.#..'.#....#
###############


You could see a steam dragon.

Vanquished Creatures
  A molten gargoyle (D)
  A flying skull (D)
  A redback (D)
  A fire bat (D)
  A warg (D)
  2 floating eyes (D)
  A porcupine (D)
  2 ogres (D)
  A centaur (D)
  2 bullfrogs (D)
  A crimson imp (D)
  Jessica (D)
  A worker ant (D)
  An adder (D)
  2 oozes (D)
  An orc (D)
  A giant cockroach (D)
  A bat (D)
  A frilled lizard (D)
23 creatures vanquished.

Notes
Turn   | Place    | Note
-------+----------+-------------------------------------------
     0 | D        | potatolord6000 the Hill Orc Monk began the quest for the Orb.
     0 | D        | Reached XP level 1. HP: 19/19 MP: 1/1
    47 | D        | Found a bloodstained altar of Trog.
    47 | D        | Found a deep blue altar of Sif Muna.
    47 | D        | Found a viscous altar of Jiyva.
    47 | D        | Found a hazy altar of Hepliaklqana.
    47 | D        | Found an opulent altar of Gozag.
    48 | D        | Found a glowing golden altar of the Shining One.
    48 | D        | Found a glowing silver altar of Zin.
    48 | D        | Found a basalt altar of Yredelemnul.
    48 | D        | Found a shimmering altar of Xom.
    48 | D        | Found an ornate altar of the Wu Jian Council.
    48 | D        | Found a sacrificial altar of Ru.
    48 | D        | Found a stormy altar of Qazlal.
    48 | D        | Found an iron altar of Okawaru.
    48 | D        | Found a sparkling altar of Nemelex Xobeh.
    48 | D        | Found a burning altar of Makhleb.
    48 | D        | Found a blossoming altar of Fedhas.
    48 | D        | Found a white marble altar of Elyvilon.
    48 | D        | Found a shadowy altar of Dithmenos.
    48 | D        | Found a snail-covered altar of Cheibriados.
    50 | D        | Found a radiant altar of Vehumet.
    50 | D        | Found a corrupted altar of Lugonu.
    50 | D        | Found a roughly hewn altar of Beogh.
    51 | D        | Found a hide-covered altar of Uskayaw.
    51 | D        | Found an ancient bone altar of Kikubaaqudgha.
    51 | D        | Found a shattered altar of Ashenzari.
    60 | D        | Became a worshipper of Beogh the Brigand
    60 | D        | Reached * piety under Beogh
    60 | D        | Reached ** piety under Beogh
    78 | D        | Noticed a floating eye
    81 | D        | Paralysed by a floating eye for 4 turns
    86 | D        | Killed a floating eye
    86 | D        | Reached skill level 5 in Invocations
    86 | D        | Reached XP level 2. HP: 31/31 MP: 1/5
    86 | D        | Reached XP level 3. HP: 38/38 MP: 1/7
    86 | D        | Reached XP level 4. HP: 45/45 MP: 1/8
   273 | D        | Noticed a floating eye
   273 | D        | Noticed a bullfrog
   280 | D        | Reached *** piety under Beogh
   280 | D        | Reached skill level 5 in Armour
   280 | D        | Reached XP level 5. HP: 13/51 MP: 9/9
   282 | D        | Paralysed by a floating eye for 3 turns
   288 | D        | Killed a floating eye
   288 | D        | Reached XP level 6. HP: 17/62 MP: 9/12
   543 | D        | Noticed a flying skull
   544 | D        | Noticed a fire bat
   555 | D        | Killed a fire bat
   555 | D        | Reached **** piety under Beogh
   555 | D        | Reached skill level 10 in Axes
   555 | D        | Reached XP level 7. HP: 48/70 MP: 13/13
   566 | D        | Killed a flying skull
   566 | D        | Reached skill level 10 in Fighting
   566 | D        | Reached skill level 10 in Invocations
   710 | D        | Reached ***** piety under Beogh
   880 | D        | Noticed a molten gargoyle
   884 | D        | Killed a molten gargoyle
   884 | D        | Reached XP level 8. HP: 65/82 MP: 16/16
   958 | D        | Noticed Jessica
   967 | D        | Killed Jessica
   975 | D        | Reached skill level 10 in Armour
  1167 | D        | Noticed a redback
  1168 | D        | Killed a redback
  1184 | D        | HP: 1/83 [steam dragon/ball of steam (20)]
  1185 | D        | Engulfed by a steam dragon's steam

Vault maps used:
D:        pitsprint

Skill      XL: |  1  2  3  4  5  6  7  8 |
---------------+-------------------------+-----
Fighting       | 6 8 9 11 12 | 12.0
Axes           | 7 9 10 12 | 12.9
Armour         | 4 5 6 7 9 10 | 10.6
Invocations    | 5 6 8 9 11 12 | 12.3
Dodging        | |  2.4
Stealth        | |  1.5

Action                   |  1- 3 |  4- 6 |  7- 9 || total
-------------------------+-------+-------+-------++-------
Melee: Hand axe          |     7 |    29 |    71 ||   107
Invok: Smiting           |       |       |     3 ||     3
  Use: Potion            |       |     2 |       ||     2
 Stab: Sleeping          |       |     1 |       ||     1
  Eat: Meat ration       |       |       |     1 ||     1
Armor: Robe              |       |     1 |       ||     1
       Chain mail        |       |     8 |    26 ||    34
Dodge: Dodged            |     1 |    23 |    28 ||    52

Table legend:
 A = Spawn XP
 B = Non-spawn XP
 C = Spawn XP percentage of total XP
 D = Spawn monster count
 E = Non-spawn monster count
 F = Spawn count percentage of total count
 G = Total turns spent on level
                    A         B        C        D         E        F      G
               +---------+---------+-------+---------+---------+-------+---------
         Total |       0 |    2322 |   0.0 |       0 |      23 |   0.0 |  1185
               +---------+---------+-------+---------+---------+-------+---------
             D |       0 |    2322 |   0.0 |       0 |      23 |   0.0 |  1185
               +---------+---------+-------+---------+---------+-------+---------
